 Dungeon Crawl Stone Soup version 0.31-a0-971-g75a2e9a4b4 (webtiles) character file.

Game seed: 9047600158085314646

623 Maxmaps the Changeling (level 7, -1/46 HPs)
             Began as an Octopode Shapeshifter on Oct 28, 2023.
             Killed by divine providence
             ... invoked by an orc priest
              (9 damage)
             ... on level 5 of the Dungeon.
             The game lasted 00:04:12 (3529 turns).

Maxmaps the Changeling (Octopode Shapeshifter)      Turns: 3529, Time: 00:04:13

Health: -1/46      AC:  1    Str: 14    XL:     7   Next: 47%
Magic:  7/7        EV: 13    Int: 14    God:
Gold:   236        SH:  0    Dex: 17    Spells: 6/6 levels left

rFire   . .          .
                       - Unarmed
rCold   + . .        (no shield)
rNeg    . . .        (helmet currently unavailable)
rPois   .            j - amulet of regeneration
rElec   .            f - +6 ring of dexterity
rCorr   .            h - ring of protection from cold
SInv    .            (no ring)
Will    .....        (no ring)
Stlth   +++          (no ring)
HPRegen 1.07/turn    (no ring)
MPRegen 0.10/turn    (no ring)
                     (no ring)

%: no passive effects
@: beast-form
A: beast (slay +4), almost no armour, amphibious, 8 rings, camouflage 1,
gelatinous body 1, (nimble swimmer 1), tentacles
a: Begin Untransformation


You were on level 5 of the Dungeon.
You were a hulking beast.
You visited 2 branches of the dungeon, and saw 6 of its levels.

You collected 236 gold pieces.

Inventory:

Jewellery
 f - a +6 ring of dexterity (left tentacle)
 h - a ring of protection from cold (right tentacle)
 j - an amulet of regeneration (around mantle)
 l - the ring of Propriety {*Corrode rN+ AC+4 Int+3}
   (You found it on level 2 of the Dungeon)

   [ring of protection]

   AC+4:      It affects your AC (+4).
   Int+3:     It affects your intelligence (+3).
   rN+:       It protects you from negative energy.
   *Corrode:  It may corrode you when you take damage.
Talismans
 b - a beast talisman
 c - a flux talisman
Wands
 a - a wand of mindburst (10)
 s - a wand of iceblast (10)
Scrolls
 d - a scroll of fear
 e - a scroll of enchant armour {unknown}
 k - a scroll of enchant weapon
 p - a scroll of identify
Potions
 g - 2 potions of brilliance {unknown}
 i - a potion of enlightenment
 m - 2 potions of haste
 n - a potion of curing {unknown}
 o - a potion of heal wounds {unknown}
 q - 2 potions of magic {unknown}
 r - a potion of lignification
 t - a potion of might {unknown}


   Skills:
 + Level 3.2 Fighting
 - Level 2.0 Dodging
 - Level 3.0 Unarmed Combat
 - Level 7.2 Shapeshifting


You had 6 spell levels left.
You didn't know any spells.
Your spell library contained the following spells:

 Spells                   Type           Power      Damage    Failure   Level
 Blink                    Tloc           0%         N/A       41%         2
 Lesser Beckoning         Tloc           0%         N/A       41%         2
 Momentum Strike          Conj/Tloc      0%         3d8       41%         2
 Call Canine Familiar     Summ           0%         N/A       65%         3
 Sigil of Binding         Hex            0%         N/A       65%         3
 Dimensional Bullseye     Hex/Tloc       0%         N/A       96%         4
 Leda's Liquefaction      Hex/Erth       0%         N/A       96%         4


Dungeon Overview and Level Annotations

Branches:
Dungeon (5/15)             Temple (1/1) D:5

Altars:
Dithmenos
Hepliaklqana
Kikubaaqudgha
Okawaru
Vehumet
Wu Jian
Zin

Annotations:
D:3 2 transporters, timneilson's ghost, weakling DgSh


Innate Abilities, Weirdness & Mutations

You are a hulking beast.
Your limbs bulge with bestial killing power. (Slay +4)
You cannot wear most types of armour.
You are amphibious.
You can wear up to eight rings at the same time.
Your skin changes colour to match your surroundings (Stealth+).
Your rubbery body absorbs attacks. (AC +1, EV +1)
((You are camouflaged when in or above water. (Stealth+)))
You have tentacles for arms and can constrict up to eight enemies at once.


Message History

The scorpion is almost dead.
You constrict the scorpion, but do no damage.
The orc shouts!
You hear a shout! x2
The scorpion closely misses you.
The hound barks!
You bludgeon the scorpion!
You kill the scorpion!
You hear a shout!
An orc priest comes into view. It is wielding a +0 falchion.
Your Fighting skill increases to level 3!
An orc comes into view. It is wielding a +0 heavy trident.
An orc comes into view. It is wielding a +0 flail.
The hound bites you.
You tentacle-slap the hound. Your grab misses the hound.
The hound is moderately wounded.
The hound misses you.
An orc priest comes into view. It is wielding a +1 dagger of venom.
The hound barely misses you.
The orc priest shouts!
You tentacle-slap the hound. Your grab misses the hound.
The hound is severely wounded.
The hound barely misses you.
An orc wizard comes into view. It is wielding a +0 dagger.
The orc wizard shouts!
You tentacle-slap the hound but do no damage.
Your grab misses the hound.
The hound is severely wounded.
The hound barely misses you.
The orc hits you from afar with a +0 heavy trident!
The orc wizard casts a spell.
The orc wizard flickers and vanishes!
Deactivating autopickup; reactivate with Ctrl-A.
The hound bites you. The hound attacks as it pursues you! The hound bites you.
The orc priest calls down the wrath of Beogh upon you.
Beogh smites you!
* * * LOW HITPOINT WARNING * * *
The orc priest calls down the wrath of Beogh upon you.
Beogh smites you!
You die...

....##.#..............~§)~~~~....
.#.....................~~§~~.....
.....##............#....~§~......
...###(..#.......#.##............
#..# #...#..##...###........#...#
..## #......###....##.......##..#
#......##..............#>..#
...####......#..........##..
.#### #.....h.###.......# #..
#...o.#.h.# # ... ##.
....#..#..## .. #. ....#..oo...
#. #.. .......... .. ....o......#
. .#............ .
..##o.......#.. . {........##. .


You could see a hound, 2 orc priests and 3 orcs.

Vanquished Creatures
  An ice beast (D:5)
  A phantom (D:5)
  3 scorpions
  A howler monkey (D:5)
  3 orc wizards
  6 adders
  A shadow imp (D:5)
  2 ufetubi (D:5)
  A worm (D:2)
  7 dart slugs
  11 orcs
  8 endoplasms
  5 giant cockroaches
  6 hobgoblins
  2 jackals (D:3)
  7 kobolds
  5 quokkas
  6 ball pythons
  5 bats
  2 frilled lizards
  4 goblins
  9 rats
96 creatures vanquished.

Notes
Turn   | Place    | Note
-------+----------+-------------------------------------------
     0 | D:1      | Maxmaps the Octopode Shapeshifter began the quest for the
                  | Orb.
     0 | D:1      | Reached XP level 1. HP: 13/13 MP: 1/1
    78 | D:1      | Reached XP level 2. HP: 18/18 MP: 2/2
   353 | D:1      | Reached XP level 3. HP: 23/23 MP: 3/3
   367 | D:1      | Reached skill level 4 in Shapeshifting
   709 | D:2      | Found an iron altar of Okawaru.
   740 | D:2      | Reached XP level 4. HP: 20/28 MP: 4/4
   782 | D:2      | Identified the ring of Propriety {*Corrode rN+ AC+4 Int+3}
   882 | D:2      | You fall into a shaft and drop 1 floor!
  1079 | D:3      | Found a transporter.
  1131 | D:3      | Found a transporter.
  1136 | D:3      | Noticed timneilson's ghost (weakling DgSh)
  1260 | D:3      | Reached skill level 5 in Shapeshifting
  1639 | D:3      | Reached XP level 5. HP: 33/33 MP: 5/5
  2275 | D:4      | Reached skill level 6 in Shapeshifting
  2275 | D:4      | Reached XP level 6. HP: 17/38 MP: 6/6
  3022 | D:5      | Entered Level 5 of the Dungeon
  3143 | D:5      | Found a staircase to the Ecumenical Temple.
  3156 | Temple   | Entered the Ecumenical Temple
  3255 | D:5      | Reached skill level 7 in Shapeshifting
  3255 | D:5      | Reached XP level 7. HP: 38/43 MP: 7/7
  3529 | D:5      | Killed from afar by an orc priest

Illustrated notes

Levels and vault maps discovered:
D:1:      enne_arrival_octagon_isle, layout_loops_ring
D:2:      layout_rooms, basic_altar
D:3:      layout_basic, gammafunk_ghost_stat_death
D:4:      layout_basic
D:5:      layout_cave_pools, minmay_temple_entry_mist
Temple:   hellmonk_temple_beads

Skill      XL: |  1  2  3  4  5  6  7 |
---------------+----------------------+-----
Shapeshifting  | 4 5 6 7 |  7.2
Fighting       | 3 |  3.2
Dodging        | |  2.0
Unarmed Combat | |  3.0

Action                     |  1- 3 |  4- 6 |  7- 9 || total
---------------------------+-------+-------+-------++-------
  Melee: Unarmed           |    65 |   126 |    19 ||   210
         Constrict         |    16 |    26 |     4 ||    46
         Tentacles         |    11 |    19 |     6 ||    36
         Punch             |     2 |     4 |       ||     6
    Use: Potion            |       |     1 |       ||     1
         Scroll            |       |     7 |       ||     7
   Stab: Sleeping          |     8 |    17 |     2 ||    27
 Armour: Skin              |    22 |    50 |    14 ||    86
  Dodge: Dodged            |    30 |    55 |    11 ||    96

Table legend: (Time is in decaauts)
 A = Elapsed time spent in this place.
 B = Non-inter-level travel time spent in this place.
 C = Inter-level travel time spent in this place.
 D = Time resting spent in this place.
 E = Time spent auto-exploring this place.
 F = Levels seen in this place.
 G = Mean time per level.
                   A        B        C        D        E       F      G
               +--------+--------+--------+--------+--------+-----+--------+
         Total |   3518 |   3334 |    184 |    145 |   2597 |   6 |  586.3 |
       Dungeon |   3471 |   3333 |    138 |    145 |   2597 |   5 |  694.2 |
        Temple |     47 |      1 |     46 |      0 |      0 |   1 |   47.0 |
               +--------+--------+--------+--------+--------+-----+--------+

Top non-repeatable levels by time:
     D:3: 1084 daAuts
     D:4: 854 daAuts
     D:1: 598 daAuts
     D:2: 475 daAuts
     D:5: 457 daAuts
  Temple: 47 daAuts
